 Dungeon Crawl Stone Soup version 0.32-a0-666-ge8a88695a4 (webtiles) character file.

Game seed: 16420468289623235023

8544 BubbleThief the Grappler (level 11, -4/110 HPs)
             Began as a Troll Fighter on Mar 10, 2024.
             Was a Follower of Makhleb.
             Slain by a slime creature (13 damage)
             ... in an ice cave.
             The game lasted 00:16:05 (6523 turns).

BubbleThief the Grappler (Troll Fighter)            Turns: 6523, Time: 00:16:06

Health: -4/110     AC:  9    Str: 26    XL:     11   Next: 11%
Magic:  10/10      EV:  9    Int:  4    God:    Makhleb [*.....]
Gold:   371        SH: 11    Dex: 13    Spells: 10/10 levels left

rFire   + .          .
                       - Unarmed
rCold   + . .        b - +1 kite shield
rNeg    . . .        k - +0 robe {rF+}
rPois   .            (helmet restricted)
rElec   .            d - +0 cloak
rCorr   .            (gloves unavailable)
SInv    .            (boots unavailable)
Will    .....        (no amulet) Stlth
                     J - +4 ring of protection
HPRegen 1.18/turn    h - ring of protection from cold
MPRegen 0.12/turn

%: no passive effects
@: silenced
A: large, unfitting armour, claws 3, regeneration 1, shaggy fur 1, tough skin 1
a: Renounce Religion


You were in an ice cave.
You worshipped Makhleb.
Makhleb was aware of your devotion.
You visited 2 branches of the dungeon, and saw 10 of its levels.
You also visited: Sewer and Ice Cave.

You collected 371 gold pieces.

Inventory:

Missiles
 j - 3 curare-tipped darts (quivered)
Armour
 b - a +1 kite shield (worn)
 d - a +0 cloak (worn)
 k - a +0 robe of fire resistance (worn)
Jewellery
 g - a ring of fire
 h - a ring of protection from cold (right claw)
 m - a ring of poison resistance
 t - an amulet of magic regeneration
 u - an amulet of the acrobat
 x - a ring of flight
 I - a ring of willpower
 J - a +4 ring of protection (left claw)
Talismans
 n - a maw talisman
 r - a beast talisman
 E - a serpent talisman
Wands
 i - a wand of paralysis (11)
 F - a wand of digging (4)
Scrolls
 a - a scroll of teleportation
 f - a scroll of identify
 B - 2 scrolls of revelation
 D - a scroll of amnesia
Potions
 c - 2 potions of might
 e - 3 potions of mutation
 l - a potion of magic
 o - a potion of haste
 p - 2 potions of brilliance {unknown}
 q - a potion of degeneration {unknown}
 s - a potion of berserk rage {unknown}
 v - 3 potions of curing
 w - a potion of attraction {unknown}
 z - a potion of lignification {unknown}
 A - a potion of resistance {unknown}
 K - a potion of heal wounds {unknown}
Miscellaneous
 G - a lightning rod (4/4)
 H - a condenser vane


   Skills:
 + Level 7.7 Fighting
 - Level 2.4 Dodging
 + Level 8.3 Shields
 + Level 12.5 Unarmed Combat


You had 10 spell levels left.
You didn't know any spells.
Your spell library contained the following spells:

 Spells                   Type           Power      Damage    Failure   Level
 Sublimation of Blood     Necr           0%         N/A       83%         2
 Inner Flame              Hex/Fire       0%         N/A       96%         3
 Flame Wave               Conj/Fire      0%         2d4       100%        4
 Petrify                  Alch/Erth      0%         N/A       100%        4
 Sticky Flame             Fire/Alch      0%         2d4       100%        4
 Irradiate                Conj/Alch      0%         3d11      100%        5
 Conjure Ball Lightning   Conj/Air       0%         3x3d6     100%        6
 Discord                  Hex            0%         N/A       100%        8
 Disjunction              Tloc           0%         N/A       100%        8


Dungeon Overview and Level Annotations

Branches:
Dungeon (11/15)            Temple (1/1) D:7            Lair (0/5) D:8
  Sewer (visited)           IceCv (1/1)
    Orc: D:9-12

Altars:
Ashenzari
Cheibriados
Dithmenos
Elyvilon
Fedhas
Gozag
Hepliaklqana
Kikubaaqudgha
Makhleb
Nemelex Xobeh
Okawaru
Qazlal
Ru
Sif Muna
Trog
Uskayaw
Vehumet
Wu Jian
Xom
Yredelemnul
Zin
The Shining One

Annotations:
D:11 Maurice IceCv exclusion: ice statue


Innate Abilities, Weirdness & Mutations

You are too large for most types of armour.
You have claws for hands.
Your natural rate of healing is unusually fast.
You are covered in fur. (AC +1)
You have tough skin. (AC +1)


Message History

You scratch the slime creature.
The slime creature is lightly wounded.
The slime creature hits you!
Two slime creatures merge to form a large slime creature.
You scratch the slime creature.
The slime creature is lightly wounded.
You block the slime creature's attack.
You claw the slime creature!
The slime creature is moderately wounded.
The slime creature hits you!
Unknown command.
You are too injured to fight recklessly!
You are too injured to fight recklessly!
Unknown command.
You are too injured to fight recklessly!
You mangle the large slime creature!!
The large slime creature is moderately wounded.
The slime creature hits you! The large slime creature hits you!!
* * * LOW HITPOINT WARNING * * *
Unknown command.
Unknown command.
You barely miss the large slime creature.
The large slime creature is moderately wounded.
You block the slime creature's attack.
A large slime creature splits.
Unknown command.
As you read the scroll labelled MAP TUSHAUX, it crumbles to dust.
A profound silence engulfs you.
It was a scroll of silence.
The slime creature hits you!
* * * LOW HITPOINT WARNING * * *
You block the slime creature's attack. The slime creature hits you.
* * * LOW HITPOINT WARNING * * *
It was a potion of curing.
You feel better.
The slime creature hits you but does no damage.
The slime creature hits you!
* * * LOW HITPOINT WARNING * * *
The slime creature closely misses you.
You scratch the slime creature but do no damage.
The slime creature is moderately wounded.
The slime creature hits you!
You die...

##.## ####...####
####.........####
###.....#####.....#
###.....###.
####...
####....####...
###.
##.....###...... ##
##.....##....# #
#.....##.@J.####
#?).
#.....#..JJ......
####
#........###....#
##.....### .###
####### # I ##


You could see 3 slime creatures.

Vanquished Creatures
  A quicksilver ooze (IceCv)
  A boulder beetle (D:7)
  A two-headed ogre (D:7)
  A manticore (D:7)
  An ugly thing (D:7)
  2 rime drakes (D:11)
  7 slime creatures (IceCv)
  A wraith (D:7)
  A wyvern (D:8)
  A steam dragon (D:7)
  A water moccasin (D:7)
  2 great orb of eyes simulacra (IceCv)
  Duvessa (D:7)
  2 black bears
  2 sky beasts (D:7)
  2 orc warriors
  2 ogres (D:6)
  3 phantoms (D:7)
  3 slime creature simulacra (IceCv)
  2 bullfrogs (D:7)
  A glowing shapeshifter simulacrum (IceCv)
  4 scorpions
  5 wights (D:8)
  Dowan (D:7)
  2 howler monkeys
  5 orc priests
  2 jellies
  3 bombardier beetles
  5 hounds
  Terence (D:3)
  2 iguanas
  8 orc wizards
  Natasha (thrice) (D:2)
  A hell rat (Sewer)
  A shapeshifter simulacrum (IceCv)
  7 gnolls
  7 adders
  2 river rats (Sewer)
  3 white imps
  4 ufetubi
  A dart slug (D:4)
  5 ribbon worms
  25 orcs
  7 endoplasms
  2 giant cockroaches
  8 goblins
  3 hobgoblins
  9 jackals
  8 kobolds
  3 quokkas
  8 ball pythons
  5 bats
  4 frilled lizards
  13 rats
205 creatures vanquished.

Vanquished Creatures (others)
  A slime creature (IceCv)
1 creature vanquished.

Grand Total: 206 creatures vanquished

Notes
Turn   | Place    | Note
-------+----------+-------------------------------------------
     0 | D:1      | BubbleThief the Troll Fighter began the quest for the Orb.
     0 | D:1      | Reached XP level 1. HP: 22/22 MP: 0/0
   145 | D:1      | Reached XP level 2. HP: 26/29 MP: 1/1
   183 | D:1      | Reached skill level 3 in Unarmed Combat
   557 | D:2      | Reached XP level 3. HP: 35/36 MP: 2/2
   661 | D:2      | Noticed Natasha
   672 | D:2      | Reached skill level 4 in Unarmed Combat
   672 | D:2      | Reached XP level 4. HP: 26/44 MP: 3/3
   683 | D:2      | Killed Natasha
   684 | D:2      | Reached skill level 5 in Unarmed Combat
   769 | D:2      | Reached XP level 5. HP: 50/50 MP: 4/4
   796 | D:2      | Noticed Natasha
   804 | D:2      | Killed Natasha
  1053 | D:2      | Noticed Natasha
  1057 | D:2      | Killed Natasha
  1102 | D:2      | Found a faded altar of an unknown god.
  1183 | D:2      | Reached skill level 6 in Unarmed Combat
  1455 | D:3      | Noticed Terence
  1461 | D:3      | Killed Terence
  1735 | D:3      | Found a sacrificial altar of Ru.
  2217 | D:4      | Reached XP level 6. HP: 49/59 MP: 5/5
  2286 | D:4      | Reached skill level 7 in Unarmed Combat
  2641 | D:4      | Reached XP level 7. HP: 46/66 MP: 6/6
  2725 | D:4      | Reached skill level 8 in Unarmed Combat
  2758 | D:4      | Found a glowing silver altar of Zin.
  2765 | D:4      | Found a sparkling altar of Nemelex Xobeh.
  3118 | D:5      | Entered Level 5 of the Dungeon
  3482 | D:5      | Reached skill level 9 in Unarmed Combat
  3642 | D:5      | Found a glowing drain.
  3651 | Sewer    | Entered a sewer
  3871 | D:5      | Reached XP level 8. HP: 63/74 MP: 7/7
  4334 | D:6      | Found a white marble altar of Elyvilon.
  4704 | D:7      | Noticed a boulder beetle
  4719 | D:7      | Killed a boulder beetle
  4720 | D:7      | Reached skill level 10 in Unarmed Combat
  4720 | D:7      | Reached XP level 9. HP: 11/85 MP: 8/8
  4837 | D:7      | Reached skill level 5 in Shields
  4861 | D:7      | Noticed a red ugly thing
  4869 | D:7      | Killed a red ugly thing
  4870 | D:7      | Reached skill level 5 in Fighting
  5226 | D:7      | Reached skill level 11 in Unarmed Combat
  5245 | D:7      | Noticed a manticore
  5246 | D:7      | Noticed a two-headed ogre
  5246 | D:7      | Found the +7 lajatang of Order {silver, rMut}
  5254 | D:7      | Killed a two-headed ogre
  5255 | D:7      | Reached XP level 10. HP: 36/98 MP: 9/9
  5260 | D:7      | Killed a manticore
  5441 | D:7      | Found a staircase to the Ecumenical Temple.
  5450 | Temple   | Entered the Ecumenical Temple
  5471 | Temple   | Became a worshipper of Makhleb the Destroyer
  5600 | D:7      | Noticed Dowan
  5600 | D:7      | Noticed Duvessa
  5605 | D:7      | Killed Duvessa
  5611 | D:7      | Killed Dowan
  5707 | D:8      | HP: 4/100 [orc priest/divine providence (14)]
  5864 | D:8      | Found a staircase to the Lair.
  5891 | D:8      | Found a blossoming altar of Fedhas.
  5895 | D:8      | Found a basalt altar of Yredelemnul.
  5989 | D:8      | Found an ornate altar of the Wu Jian Council.
  6063 | D:8      | You fall into a shaft and drop 3 floors!
  6065 | D:11     | Noticed Maurice
  6087 | D:11     | Found a frozen archway.
  6116 | D:11     | Reached * piety under Makhleb
  6168 | IceCv    | Entered an ice cave
  6227 | IceCv    | Reached skill level 12 in Unarmed Combat
  6347 | IceCv    | Noticed an ice statue
  6377 | IceCv    | Noticed a quicksilver ooze
  6387 | IceCv    | Killed a quicksilver ooze
  6388 | IceCv    | Reached XP level 11. HP: 53/109 MP: 0/10
  6521 | IceCv    | HP: 4/110 [slime creature (4)]
  6523 | IceCv    | Slain by a slime creature

Illustrated notes

Levels and vault maps discovered:
D:1:      saegor_arrival_simple_b, layout_loops_ring
D:2:      layout_basic, shapermc_ecumenical_altar_acropolis, nicolae_wormholes,
          uniq_natasha
D:3:      layout_basic, lemuel_crystal_altar, minivault_27, moated_statue,
          uniq_terence
D:4:      layout_basic, amethyst_overflow_temple_binary
D:5:      layout_cave_pods, cheibrodos_sewer_entry_bend
D:6:      layout_rooms, nicolae_overflow_hidden_temple, solitary_fountain,
          kennysheep_nub
D:7:      layout_gridville, temple_hall, minmay_the_grid_2x2
          [minmay_the_grid_fan, minmay_the_grid_minigrid_small,
          minmay_the_grid_garden, minmay_the_grid_prize_diamond_cup],
          uniq_duvessa
D:8:      layout_loops_cross, pdpol_wu_jian_five_deadly_venoms, minitemple,
          lair_entry_dummy
D:11:     layout_rooms, portal_ice_cave_rime, kennysheep_another_room,
          nicolae_transmutations_shop, uniq_maurice
Temple:   eino_wide_crystal_templ
IceCv:    ice_cave_hellmonk_azure_passage

Skill      XL: |  1  2  3  4  5  6  7  8  9 10 |
---------------+-------------------------------+-----
Unarmed Combat | 3 4 5 6 7 9 10 11 12 | 12.5
Shields        | 4 6 8 |  8.3
Fighting       | 4 6 7 |  7.7
Dodging        | |  2.4

Action                     |  1- 3 |  4- 6 |  7- 9 | 10-12 || total
---------------------------+-------+-------+-------+-------++-------
  Melee: Unarmed           |    66 |   156 |   252 |   144 ||   618
    Use: Scroll            |       |       |     7 |     4 ||    11
         Potion            |       |       |     1 |     2 ||     3
   Stab: Sleeping          |       |     1 |     1 |       ||     2
 Armour: Robe              |    26 |    80 |   124 |   106 ||   336
  Dodge: Dodged            |    12 |    59 |    66 |    39 ||   176
  Block: Kite shield       |    25 |    48 |   109 |    68 ||   250

Table legend: (Time is in decaauts)
 A = Elapsed time spent in this place.
 B = Non-inter-level travel time spent in this place.
 C = Inter-level travel time spent in this place.
 D = Time resting spent in this place.
 E = Time spent auto-exploring this place.
 F = Levels seen in this place.
 G = Mean time per level.
                   A        B        C        D        E       F      G
               +--------+--------+--------+--------+--------+-----+--------+
         Total |   6493 |   6266 |    227 |    131 |   4774 |  12 |  541.1 |
       Dungeon |   6026 |   5833 |    193 |    131 |   4526 |   9 |  669.6 |
        Temple |     40 |      6 |     34 |      0 |      0 |   1 |   40.0 |
         Sewer |     80 |     80 |      0 |      0 |     36 |   1 |   80.0 |
      Ice Cave |    345 |    345 |      0 |      0 |    212 |   1 |  345.0 |
               +--------+--------+--------+--------+--------+-----+--------+

Top non-repeatable levels by time:
     D:7: 1001 daAuts
     D:4: 921 daAuts
     D:2: 906 daAuts
     D:5: 851 daAuts
     D:3: 741 daAuts
     D:6: 566 daAuts
     D:1: 553 daAuts
     D:8: 384 daAuts
   IceCv: 345 daAuts
    D:11: 101 daAuts
   Sewer: 80 daAuts
  Temple: 40 daAuts
